 Dungeon Crawl Stone Soup version 0.31-a0-995-g04711c9635 (webtiles) character file.

Game seed: 5416378212114383986

158 Maratek the Trooper (level 5, 0/46 HPs)
             Began as a Draconian Fighter on Nov 6, 2023.
             Succumbed to an adder's poison
             ... on level 4 of the Dungeon.
             The game lasted 00:03:38 (2564 turns).

Maratek the Trooper (Draconian Fighter)             Turns: 2564, Time: 00:03:38

Health: 0/46       AC:  5    Str: 20    XL:     5   Next: 16%
Magic:  5/5        EV: 12    Int:  8    God:
Gold:   198        SH:  0    Dex: 11    Spells: 4/4 levels left

rFire   . . .        a - +0 trident
rCold   . . .        b - +0 buckler
rNeg    . . .        (body armour unavailable)
rPois   .            (helmet restricted)
rElec   .            (no cloak)
rCorr   .            (no gloves)
SInv    .            (no boots)
Will    .....        (no amulet)
Stlth   +            (no ring)
HPRegen 0.27/turn    (no ring)
MPRegen 0.09/turn

%: no passive effects
@: confused, lethally poisoned (0 -> -6)
A: AC +5, unfitting armour, cold-blooded
a: no special abilities


You were on level 4 of the Dungeon.
You visited 1 branch of the dungeon, and saw 4 of its levels.

You collected 198 gold pieces.

Inventory:

Hand Weapons
 a - a +0 trident (weapon)
Armour
 b - a +0 buckler (worn)
Scrolls
 k - 3 scrolls of teleportation
Potions
 c - 3 potions of might
 d - 6 potions of curing {unknown}
 e - 2 potions of attraction {unknown}
 f - 2 potions of heal wounds {unknown}
 h - 3 potions of mutation {unknown}
 i - a potion of degeneration {unknown}
 m - a potion of ambrosia {unknown}
 n - a potion of invisibility {unknown}


   Skills:
 + Level 4.2 Fighting
 + Level 3.6 Polearms
 + Level 3.4 Dodging
 + Level 0.4 Stealth
 + Level 3.6 Shields


You had 4 spell levels left.
You didn't know any spells.
Your spell library was empty.

Dungeon Overview and Level Annotations

Branches:
Dungeon (4/15)
 Temple: D:4-7

Altars:
Nemelex Xobeh


Innate Abilities, Weirdness & Mutations

Your plain brown scales are hard. (AC +5)
You cannot fit into any form of body armour.
You are cold-blooded and may be slowed by cold attacks.


Message History

You closely miss the orc wizard.
The orc wizard is moderately wounded.
The adder barely misses you. The orc wizard closely misses you.
The orc misses you. You block the orc's attack. The adder closely misses you.
The orc wizard hits you but does no damage.
You barely miss the orc wizard.
The orc wizard is moderately wounded.
The orc hits you with a +2 flail of protection.
The orc hits you with a +0 short sword. The adder barely misses you.
The orc wizard closely misses you.
The orc hits you with a +2 flail of protection!
The orc misses you.
You hit the orc wizard. You tail-slap the orc wizard.
The orc wizard is severely wounded.
The adder barely misses you.
The orc wizard gestures at you while chanting.
You are confused.
The orc hits you with a +2 flail of protection!
The orc hits you with a +0 short sword. The adder misses you.
The orc wizard attacks as it pursues you!
The orc wizard barely misses you.
The orc hits you with a +2 flail of protection.
* * * LOW HITPOINT WARNING * * *
You hit the orc but do no damage. The adder misses you.
The orc wizard casts a spell at you. The magic dart hits you.
* * * LOW HITPOINT WARNING * * *
The orc misses you.
You barely miss the orc. The adder bites you but does no damage.
The orc wizard hits you with a +0 dagger.
* * * LOW HITPOINT WARNING * * *
The orc hits you with a +2 flail of protection.
* * * LOW HITPOINT WARNING * * *
The orc hits you but does no damage. The adder bites you.
* * * LOW HITPOINT WARNING * * *
You are lethally poisoned!
The adder poisons you!
You hit the orc wizard.
You kill the orc wizard!
You die...

###... #.... #
#...# . ## ....
.# #. #..##.#
##$##.....#.
#.......# .#
###....So##..#
#...!..)@....#
##.##..o.#.#..#
#....# # #
##..##
.........#
.##.......#
..........#
..#...#.... .
##........


You could see an adder and 2 orcs.

Vanquished Creatures
  3 orc wizards
  A gnoll (D:1)
  4 adders
  2 worms (D:2)
  4 orcs (D:3)
  9 ball pythons
  5 endoplasms
  A giant cockroach (D:2)
  6 goblins
  A hobgoblin (D:1)
  7 kobolds
  3 quokkas
  2 bats
  3 frilled lizards
  5 rats (D:2)
56 creatures vanquished.

Notes
Turn   | Place    | Note
-------+----------+-------------------------------------------
     0 | D:1      | Maratek the Draconian Fighter began the quest for the Orb.
     0 | D:1      | Reached XP level 1. HP: 19/19 MP: 1/1
   227 | D:1      | Reached XP level 2. HP: 26/26 MP: 2/2
   564 | D:2      | Reached XP level 3. HP: 29/33 MP: 3/3
   631 | D:2      | Reached skill level 4 in Fighting
   902 | D:2      | Found a sparkling altar of Nemelex Xobeh.
  1453 | D:3      | Reached XP level 4. HP: 37/40 MP: 4/4
  1555 | D:3      | HP: 2/40 [orc/+0 trident (6)]
  2363 | D:3      | Reached XP level 5. HP: 36/46 MP: 5/5
  2563 | D:4      | HP: 2/46 [adder (1)]
  2564 | D:4      | Succumbed to an adder's poison

Illustrated notes

Levels and vault maps discovered:
D:1:      eino_arrival_water_cross, layout_loops_ring
D:2:      layout_loops_ring, basic_altar, st_stairs_2, grunt_ministairs_15,
          dk_vineyard_2, nicolae_figureground_pulse
D:3:      layout_basic, nicolae_half_adder
D:4:      nicolae_cairo_tiling, layout_cave_pools, mainiacjoe_overflow_chevrons,
          mainiacjoe_overflow_divided_tiny, serial_shops,
          nicolae_shop_statue_plus, minmay_goblin_kobold_house

Skill      XL: |  1  2  3  4 |
---------------+-------------+-----
Dodging        | 3 |  3.4
Fighting       | 4 |  4.2
Polearms       | 3 |  3.6
Stealth        | |  0.4
Shields        | |  3.6

Action                     |  1- 3 |  4- 6 || total
---------------------------+-------+-------++-------
  Melee: Trident           |   119 |    70 ||   189
         Tailslap          |    14 |     6 ||    20
    Use: Scroll            |     2 |     4 ||     6
         Potion            |       |     1 ||     1
   Stab: Sleeping          |     2 |     1 ||     3
 Armour: Skin              |    48 |    98 ||   146
  Dodge: Dodged            |    47 |    58 ||   105
  Block: Buckler           |    22 |    24 ||    46

Table legend: (Time is in decaauts)
 A = Elapsed time spent in this place.
 B = Non-inter-level travel time spent in this place.
 C = Inter-level travel time spent in this place.
 D = Time resting spent in this place.
 E = Time spent auto-exploring this place.
 F = Levels seen in this place.
 G = Mean time per level.
                   A        B        C        D        E       F      G
               +--------+--------+--------+--------+--------+-----+--------+
         Total |   2601 |   2484 |    117 |    363 |   1659 |   4 |  650.2 |
       Dungeon |   2601 |   2484 |    117 |    363 |   1659 |   4 |  650.2 |
               +--------+--------+--------+--------+--------+-----+--------+

Top non-repeatable levels by time:
     D:3: 1117 daAuts
     D:2: 892 daAuts
     D:1: 563 daAuts
     D:4: 28 daAuts
